 Dungeon Crawl Stone Soup version 0.31.0-11-ge490571c62 (webtiles) character file.

Game seed: 4014838228722692098

164 qw the Shooter (level 5, 0/26 HPs)
             Began as a Spriggan Hunter on Feb 3, 2024.
             Was an Initiate of Okawaru.
             Slain by Pikel
             ... wielding a +1 whip of flaming
              (9 damage)
             ... on level 4 of the Dungeon.
             The game lasted 00:00:09 (2086 turns).

qw the Shooter (Spriggan Hunter)                    Turns: 2086, Time: 00:00:09

Health: 0/26       AC:  3    Str:  7    XL:     5   Next: 21%
Magic:  6/6        EV: 20    Int: 11    God:    Okawaru [......]
Gold:   131        SH:  0    Dex: 20    Spells: 4/4 levels left

rFire   . . .        a - +0 shortbow (elec)
rCold   . . .        (shield currently unavailable)
rNeg    . . .        c - +0 robe
rPois   +            (helmet restricted)
rElec   .            g - +0 cloak
rCorr   +            (gloves unavailable)
SInv    +            (boots unavailable)
Will    .....        (no amulet)
Stlth   ++           d - ring of poison resistance
HPRegen 0.24/turn    j - ring of resist corrosion
MPRegen 0.10/turn

%: no passive effects
@: very quick
A: very small, no large weapons, unfitting armour, see invisible, speed 3
a: Renounce Religion


You were on level 4 of the Dungeon.
You worshipped Okawaru.
Okawaru was noncommittal.
You visited 1 branch of the dungeon, and saw 4 of its levels.

You collected 131 gold pieces.


Innate Abilities, Weirdness & Mutations

You are very small and have problems with some larger weapons.
You are too small for most types of armour.
You have supernaturally acute eyesight. (SInv)
You cover ground extremely quickly. (Speed+++)


   Skills:
 - Level 2.0 Fighting
 + Level 5.5 Ranged Weapons
 - Level 5.0 Dodging
 - Level 1.5 Stealth


You had 4 spell levels left.
You didn't know any spells.
Your spell library was empty.

Inventory:

Hand Weapons
 a - a +0 shortbow of electrocution (weapon)
Armour
 c - a +0 robe (worn)
 g - a +0 cloak (worn)
Jewellery
 d - a ring of poison resistance (left hand)
 j - a ring of resist corrosion (right hand)
 Y - a ring of positive energy
Scrolls
 b - a scroll of identify
 e - a scroll of teleportation
Potions
 f - 3 potions of curing
 h - a potion of heal wounds
 i - a potion of might
 k - a potion of resistance

Dungeon Overview and Level Annotations

Branches:
Dungeon (4/15)
 Temple: D:4-7

Altars:
Ashenzari
Okawaru
Uskayaw

Annotations:
D:4 Pikel


Message History

Pikel says, "You'll feel the lick of my whip!"
You shoot an arrow. The arrow closely misses the lemure.
The arrow hits Pikel.
Lightning courses through Pikel!
Pikel is heavily wounded.
You shoot an arrow. The arrow hits the lemure.
The lemure is lightly wounded.
You shoot an arrow. The arrow hits the lemure.
Lightning courses through the lemure!!
The lemure is severely wounded.
The lemure barely misses you.
You shoot an arrow. The arrow barely misses the lemure.
The arrow hits Pikel.
Pikel is heavily wounded.
The lemure misses you.
You shoot an arrow.
The arrow hits the lemure but does no damage.
Lightning courses through the lemure!
You kill the lemure!
That felt strangely unrewarding.
You shoot an arrow. The arrow closely misses the lemure.
The arrow barely misses Pikel.
The lemure barely misses you.
You shoot an arrow. The arrow hits Pikel.
Pikel is severely wounded.
Pikel barely misses you.
You shoot an arrow. The arrow misses Pikel.
The arrow misses the lemure.
Pikel barely misses you.
You shoot an arrow.
The arrow hits Pikel but does no damage.
Pikel is severely wounded.
Pikel hits you with a +1 whip of flaming.
Pikel burns you.
You shoot an arrow. The arrow barely misses Pikel.
The arrow hits the lemure but does no damage.
Pikel hits you with a +1 whip of flaming!
Pikel burns you.
You shoot an arrow. The arrow hits Pikel!
Pikel is severely wounded.
Pikel hits you with a +1 whip of flaming!
You die...
Pikel says, "See you in Hell!"

#.........#
+.........+
......... .......
..... .55 #K# #@#
#.#### ####....####
##.#.........
########........####
..................#
########..........#
##.#.......#
#.........#


You could see Pikel and 2 lemures.

Vanquished Creatures
  2 lemures (D:4)
  A jelly (D:4)
  Natasha (D:2)
  5 adders
  2 ribbon worms
  An orc (D:3)
  6 endoplasms
  4 giant cockroaches
  2 goblins
  2 hobgoblins (D:2)
  8 jackals
  5 kobolds
  A quokka (D:4)
  4 ball pythons
  5 bats
  5 frilled lizards (D:1)
  7 rats
61 creatures vanquished.

Notes
Turn   | Place    | Note
-------+----------+-------------------------------------------
     0 | D:1      | qw the Spriggan Hunter began the quest for the Orb.
     0 | D:1      | Reached XP level 1. HP: 10/10 MP: 2/2
     0 | D:1      | 0 ||| qw: Version: 0.3-a-155-g5e7d8dd
     0 | D:1      | 0 ||| qw: Game counter: 3492
     0 | D:1      | 0 ||| qw: Melee chars always use a shield: true
     0 | D:1      | 0 ||| qw: God list: Okawaru
     0 | D:1      | 0 ||| qw: Allow faded altars: false
     0 | D:1      | 0 ||| qw: Do Orc after clearing Dungeon:15 true
     0 | D:1      | 0 ||| qw: Do second Lair branch before Depths: true
     0 | D:1      | 0 ||| qw: Lair rune preference: random
     0 | D:1      | 0 ||| qw: Goals: Normal
     0 | D:1      | 0 ||| PLANNING D:1-11
    14 | D:1      | Reached skill level 3 in Dodging
   139 | D:1      | Reached XP level 2. HP: 14/14 MP: 3/3
   354 | D:1      | 354 ||| UPGRADING to ring of poison resistance.
   355 | D:1      | 355 ||| READING scroll labelled EDWUVYKHLI ZATO.
   356 | D:1      | 356 ||| READING scroll labelled TESKOO WORE.
   357 | D:1      | 357 ||| DRINKING 2 viscous ruby potions.
   358 | D:1      | 358 ||| DROPPING scroll of butterflies.
   475 | D:2      | Reached XP level 3. HP: 8/18 MP: 4/4
   640 | D:2      | Found a hide-covered altar of Uskayaw.
   737 | D:2      | Noticed Natasha
   743 | D:2      | Killed Natasha
   744 | D:2      | Reached XP level 4. HP: 22/22 MP: 5/5
   979 | D:2      | 979 ||| UPGRADING to ring of positive energy.
   980 | D:2      | 980 ||| READING scroll labelled TOG UBAMOZ WOE.
   980 | D:2      | 980 ||| ENCHANTING +0 shortbow.
   981 | D:2      | 981 ||| READING 2 scrolls labelled AQAKYWKA LEONO.
   985 | D:2      | 985 ||| READING 3 scrolls labelled FUUWAF KEXAU.
   986 | D:2      | 986 ||| READING scroll labelled VORIHU MIYCW.
   987 | D:2      | 987 ||| READING scroll labelled KISOECR KEUM.
   987 | D:2      | 987 ||| IDENTIFYING fuming brown potion
   988 | D:2      | 988 ||| DROPPING 2 scrolls of revelation.
  1156 | D:3      | Found a broken altar of Ashenzari.
  1912 | D:3      | 1912 ||| UPGRADING to ring of resist corrosion.
  1914 | D:3      | 1914 ||| READING scroll of identify.
  1914 | D:3      | 1914 ||| IDENTIFYING brown potion
  1915 | D:3      | 1915 ||| READING 2 scrolls labelled XUUXTEEVAE.
  1915 | D:3      | 1915 ||| BRANDING +0 shortbow.
  1916 | D:3      | 1916 ||| READING scroll of brand weapon.
  1916 | D:3      | 1916 ||| BRANDING +0 shortbow of flaming.
  2026 | D:4      | Found an iron altar of Okawaru.
  2027 | D:4      | 2027 ||| PLANNING OKAWARU WORSHIP
  2027 | D:4      | 2027 ||| UPGRADING to +0 cloak.
  2032 | D:4      | 2032 ||| READING 2 scrolls of identify.
  2032 | D:4      | 2032 ||| IDENTIFYING lumpy amethyst potion
  2040 | D:4      | Became a worshipper of Warmaster Okawaru
  2041 | D:4      | 2041 ||| PLANNING D:1-11
  2052 | D:4      | Reached XP level 5. HP: 26/26 MP: 6/6
  2071 | D:4      | Noticed a lemure
  2072 | D:4      | Noticed a lemure
  2072 | D:4      | Noticed a lemure
  2073 | D:4      | Noticed a lemure
  2073 | D:4      | Noticed Pikel
  2074 | D:4      | Killed a lemure
  2080 | D:4      | Killed a lemure
  2086 | D:4      | Slain by Pikel

Levels and vault maps discovered:
D:1:      eino_arrival_water_cross, layout_rooms
D:2:      layout_rooms, basic_altar, uniq_natasha
D:3:      layout_basic, evilmike_ruin_ashenzari, minmay_distorted
D:4:      layout_loops_corners, nemelex_xobeh_ov_fountains_minmay,
          okawaru_gym_becter, dreamdust_gnoll_farm, uniq_blork_the_orc,
          uniq_pikel, uniq_duvessa

Skill      XL: |  1  2  3  4 |
---------------+-------------+-----
Dodging        | 3 4 5 |  5.0
Ranged Weapons | 5 |  5.5
Fighting       | 2 |  2.0
Stealth        | |  1.5

Action                     |  1- 3 |  4- 6 || total
---------------------------+-------+-------++-------
   Fire: Shortbow          |    91 |   115 ||   206
    Use: Scroll            |     2 |     9 ||    11
         Potion            |     1 |       ||     1
 Armour: Robe              |    18 |    11 ||    29
  Dodge: Dodged            |    41 |    51 ||    92

Table legend:
 A = Non-vault XP
 B = Vault XP
 C = Vault XP percentage of total XP
 D = Non-vault monster count
 E = Vault monster count
 F = Vault count percentage of total count
                 A         B        C        D         E       F
            +---------+---------+-------+---------+---------+-------
      Total |     182 |      53 |  22.6 |      55 |       4 |   6.8
            +---------+---------+-------+---------+---------+-------
        D:1 |      23 |       0 |   0.0 |      17 |       0 |   0.0
        D:2 |      73 |      36 |  33.0 |      21 |       1 |   4.5
        D:3 |      37 |      17 |  31.5 |      13 |       3 |  18.8
        D:4 |      49 |       0 |   0.0 |       4 |       0 |   0.0
            +---------+---------+-------+---------+---------+-------
